 Dungeon Crawl Stone Soup version 0.19-a0-1442-g3b32ff5 (webtiles) character file.

64222 nubinia the Destroyer (level 14, 95/95 HPs)
             Began as a Demonspawn Fire Elementalist on Aug 25, 2016.
             Was the Champion of Sif Muna.
             Quit the game on level 1 of the Spider Nest on Sept 5, 2016.
             The game lasted 03:15:15 (27999 turns).

nubinia the Destroyer (DsFE)                       Turns: 27999, Time: 03:15:15

Health: 95/95      AC: 13    Str: 10    XL:     14   Next: 71%
Magic:  30/30      EV: 23    Int: 20    God:    Sif Muna [******]
Gold:   2383       SH:  8    Dex: 14    Spells: 12 memorised, 2 levels left

rFire  + . .     SeeInvis +     T - +11 falchion "Beetle's Death" {slice, Stlth+}
rCold  . . .     Gourm    .     q - +2 robe {rN+}
rNeg   + + .     Faith    +     L - +0 buckler
rPois  .         Spirit   +     (helmet unavailable)
rElec  .         Dismiss  .     n - +2 cloak {rF+}
rCorr  .         Reflect  .     V - +0 pair of gloves
MR     +....     Harm     .     O - +0 pair of boots
Stlth  ++++...... Clarity  +    J - amulet of faith
                                p - ring of positive energy
                                r - +6 ring of evasion

@: delayed fireball, divine energy
A: antennae 3, talons 1, large bone plates 2, clarity, shaggy fur 1, spiny 2,
wild magic 1, magic shield, magic regeneration
a: Stop Divine Energy, Channel Magic, Forget Spell, Renounce Religion, Release
Delayed Fireball


You were on level 1 of the Spider Nest.
You worshipped Sif Muna.
Sif Muna was exalted by your worship.
You were not hungry.

You visited 5 branches of the dungeon, and saw 21 of its levels.
You also visited: Ice Cave and Volcano.

You collected 3133 gold pieces.
You spent 750 gold pieces at shops.

Inventory:

Hand Weapons
 a - a +3 short sword of protection
 b - a +0 dagger of venom
 f - the +5 rapier of the Poles {pierce, rN+ Dex+2}
   (You bought it in a shop on level 4 of the Dungeon)

   It inflicts extra damage upon your enemies.
   It affects your dexterity (+2).
   It protects you from negative energy.
 T - the +11 falchion "Beetle's Death" (weapon) {slice, Stlth+}
   (You found it on level 6 of the Lair of Beasts)

   It inflicts extra damage upon your enemies.
   It makes you more stealthy.
Missiles
 C - 8 javelins of penetration (quivered)
Armour
 n - a +2 cloak of fire resistance (worn)
 q - a +2 robe of positive energy (worn)
 x - a +0 leather armour of magic resistance
 G - a +2 robe of magic resistance
 L - a +0 buckler (worn)
 N - the +3 leather armour of Lesser Demons {rF+ rC+++ MR- Stlth+}
   (You found it on level 6 of the Dungeon)

   It protects you from fire.
   It renders you almost immune to cold.
   It affects your resistance to hostile enchantments.
   It makes you more stealthy.
 O - a +0 pair of boots (worn)
 Q - the +1 robe of Ojaosmoo {+Inv MP+9}
   (You found it on level 8 of the Dungeon)

   It affects your magic capacity (+9).
   It lets you turn invisible.
 V - a +0 pair of gloves (worn)
Jewellery
 p - a ring of positive energy (right hand)
 r - a +6 ring of evasion (left hand)
 u - an uncursed ring of magical power
 w - an uncursed ring of wizardry
 B - the ring of the Hundredfold Ships {rF++ Stlth-}
   (You found it on level 10 of the Dungeon)

   [ring of loudness]

   It greatly protects you from fire.
   It makes you less stealthy.
 J - an amulet of faith (around neck)
 X - a +3 ring of dexterity
 Z - a +3 ring of protection
Wands
 g - a wand of acid (7/15)
 F - a wand of disintegration (24/24)
 M - a wand of digging (12/24)
 U - a wand of digging (10/24)
Scrolls
 h - 3 scrolls of remove curse
 j - 2 scrolls of fear
 k - 4 scrolls of magic mapping
 s - a scroll of recharging
 t - a scroll of enchant armour
 y - 2 scrolls of teleportation
 E - a scroll of identify
 H - 3 scrolls of fog
 K - a scroll of blinking
Potions
 d - 6 potions of magic
 e - 5 potions of berserk rage
 i - 2 potions of ambrosia
 l - a potion of flight
 m - a potion of invisibility
 o - 6 potions of agility
 z - a potion of haste
 A - a potion of heal wounds
 D - 4 potions of curing
 P - a potion of might
 S - 2 potions of brilliance
 Y - 4 potions of resistance
Books
 v - a book of Necromancy

   Spells                             Type                      Level
   a - Pain                           Necromancy                   1
   b - Animate Skeleton               Necromancy                   1
   c - Vampiric Draining              Necromancy                   3
   d - Regeneration                   Charms/Necromancy            3
   e - Animate Dead                   Necromancy                   4
   f - Control Undead                 Necromancy                   4
 R - Osigopil's Handbook of Attacks
   (Sif Muna gifted it to you on level 6 of the Lair of Beasts)

   Spells                             Type                      Level
   a - Throw Icicle                   Conjuration/Ice              4
   b - Sticky Flame                   Conjuration/Fire             4
   c - Delayed Fireball               Conjuration/Fire             7
   d - Lehudib's Crystal Spear        Conjuration/Earth            8
Miscellaneous
 I - a phantom mirror
Comestibles
 c - 8 bread rations


   Skills:
 + Level 4.0 Fighting
 + Level 3.1 Short Blades
 + Level 0.1(1.8) Long Blades
 + Level 8.4 Dodging
 + Level 4.7 Stealth
 + Level 3.7 Shields
 * Level 12.5 Spellcasting
 * Level 12.7 Conjurations
 * Level 8.2 Necromancy
 * Level 11.5 Fire Magic
 + Level 0.3 Invocations


You had 2 spell levels left.
You knew the following spells:

 Your Spells              Type           Power        Failure   Level  Hunger
a - Flame Tongue          Conj/Fire      #####        1%          1    None
b - Throw Flame           Conj/Fire      ######       1%          2    None
c - Conjure Flame         Conj/Fire      ######..     1%          3    None
d - Bolt of Draining      Conj/Necr      ######....   3%          5    ####...
e - Fireball              Conj/Fire      ######....   2%          5    ####...
f - Corpse Rot            Necr           N/A          1%          2    None
h - Iskenderun's Mystic   Conj           ######..     1%          4    None
i - Delayed Fireball      Conj/Fire      N/A          43%         7    #######
l - Vampiric Draining     Necr           ######....   1%          3    None
s - Sticky Flame          Conj/Fire      ######..     1%          4    None
D - Animate Dead          Necr           N/A          3%          4    None
S - Animate Skeleton      Necr           N/A          1%          1    None


Dungeon Overview and Level Annotations

Branches:
Dungeon (11/15)            Temple (1/1) D:7            Lair (6/6) D:10
 Shoals (0/4) Lair:4       Spider (1/4) Lair:2        Slime (0/5) Lair:5
    Orc (2/2) D:10            Elf (0/3) Orc:2

Altars:
Ashenzari
Cheibriados
Dithmenos
Elyvilon
Fedhas
Gozag
Hepliaklqana
Kikubaaqudgha
Makhleb
Nemelex Xobeh
Okawaru
Qazlal
Ru
Sif Muna
Trog
Uskayaw
Vehumet
Xom
Yredelemnul
Zin
The Shining One
Beogh

Shops:
D:4 [((=?   D:5 ?   D:9 [   Orc:2 [?::

Portals:
Trove: D:10 (give 14 potions of curing)

Annotations:
D:6 1 runed door
Lair:3 Nergalle


Innate Abilities, Weirdness & Mutations

You have a pair of large antennae on your head. (SInv)
You are mostly covered in large bone plates. (AC +3, SH +3)
You are mostly covered in sharp spines.
When hurt, damage is shared between your health and your magic reserves.
You regenerate magic rapidly.
You have sharp toenails.
You possess an exceptional clarity of mind.
You are covered in fur. (AC +1)
Your spells are a little harder to cast, but a little more powerful.


Message History

Your Fighting skill increases to level 4!
Casting: Bolt of Draining
Confirm with . or Enter, or press ? or * to list all spells.
You call on the dead to rise...
The dead are crawling!
Okay, then.
Search for what [Enter for "gold", or ? for help]? foof Can't find anything matching that.
Search for what [Enter for "foof", or ? for help]? food Your redback zombie crumbles into dust!
Your jumping spider zombie crumbles into dust!
You see here a beef jerky.
You start eating the beef jerky.
That beef jerky was delicious!
Saving game... please wait.
Welcome back, nubinia the Demonspawn Fire Elementalist.
Sif Muna whispers: I know many secrets...
Press ? for a list of commands and other information.
Quiver which item? (- for none, * to show all) (? for menu, Esc to quit)
Okay, then.
Are you sure you want to abandon this character and quit the game? (Confirm with "yes".)

.......##^.......#########.###.##
.......##.........##.?.....# ####
.......##........#.........# #.#
.......##.......##.........# #.#
.......##.......##.........####.#
.....##.##.....## #.........#....
#.###..#.^..#.#### #......###....
#.#..####..#..##.####.....##.....
.......###...Z#Z@.........##.....
.......##.#.........#.###.##.....
.........###..........####.#Z....
........# ##..........###.......
........# #..........^#........
.......## ##..........###......
..###### #.........#####...## ###
#.##............^## #
#.##############)#


You could see a friendly demonic crawler zombie.

Vanquished Creatures
  An orc warlord (D:10)
  2 ice dragons (IceCv)
  6 hydras
  A catoblepas (Lair:6)
  2 ogre magi (Orc:2)
  The ghost of eragonby the Blocker, a novice MiFi of Okawaru (D:10)
  A deep troll shaman (Lair:6)
  An orc high priest (Orc:1)
  10 death yaks
  The ghost of George the Carver, a novice MiFi of Okawaru (D:8)
  A fire crab (Lair:6)
  A lindwurm (Lair:2)
  2 orc knights (Orc:1)
  An orb spider (Lair:2)
  2 wolf spiders (Spider:1)
  An oklob plant (Lair:6)
  9 orc sorcerers
  11 elephants
  2 ice statues (IceCv)
  Joseph (D:7)
  A black mamba (Lair:2)
  Maurice (D:8)
  13 spiny frogs
  3 rime drakes
  6 komodo dragons
  An efreet (Volcano)
  The ghost of crawlian the Firebug, a novice DEFE (D:6)
  3 trolls
  10 polar bears
  Grinder (D:4)
  4 jumping spiders (Spider:1)
  2 boulder beetles
  2 slime creatures (Lair:5)
  A tarantella (Spider:1)
  4 wyverns
  35 yaks
  Sigmund (D:6)
  2 fire elementals (Volcano)
  Eustachio (D:4)
  A steam dragon (Lair:3)
  5 hippogriffs
  A hungry ghost (D:7)
  2 basilisks
  3 wargs
  2 soldier ants
  7 porcupines
  12 water moccasins
  15 orc warriors
  20 ice beasts
  2 necrophages
  9 black bears
  An eye of draining (D:9)
  11 ogres
  9 wolves
  5 centaurs
  2 big kobolds (D:9)
  12 crocodiles
  Blork the orc (D:4)
  11 giant frogs
  4 scorpions
  A wyvern skeleton (D:8)
  11 killer bees
  3 electric eels
  5 howler monkeys
  8 crimson imps
  4 jellies
  A quasit (D:9)
  9 orc priests
  13 hounds
  36 orc wizards
  2 centaur skeletons
  2 giant frog skeletons
  Ijyb (D:3)
  11 iguanas
  5 hell rats
  6 worker ants
  7 removed
  MONS_SHEEPs (Lair:4)
  4 hound zombies
  A hound skeleton (D:7)
  18 adders
  59 river rats
  2 shadow imps
  3 adder skeletons
  A worm (D:3)
  3 dart slugs
  5 giant geckos
  56 orcs
  5 bats
  12 giant cockroaches
  14 goblins
  15 hobgoblins
  21 jackals
  15 kobolds
  4 quokkas
  3 ball pythons
  A giant gecko skeleton (D:4)
  A giant newt (D:1)
  A jackal skeleton (D:4)
  A jackal zombie (D:4)
  A quokka skeleton (D:4)
  3 rats
  A fire vortex (Volcano)
  A plant (Lair:4)
660 creatures vanquished.

Vanquished Creatures (collateral kills)
  A wolf spider (Spider:1)
  An orc sorcerer (Orc:2)
  A demonic crawler (Spider:1)
  2 redbacks (Spider:1)
  An orc wizard (Orc:2)
  An orc (Orc:2)
7 creatures vanquished.

Vanquished Creatures (others)
  A black bear (Lair:2)
  An orc wizard (Orc:2)
  A river rat (Lair:2)
  2 bushes (Lair:6)
  22 fungi
  14 plants
41 creatures vanquished.

Grand Total: 708 creatures vanquished

Notes
Turn   | Place    | Note
-------+----------+-------------------------------------------
     0 | D:1      | nubinia the Demonspawn Fire Elementalist began the quest for the Orb.
     0 | D:1      | Reached XP level 1. HP: 13/13 MP: 3/3
   285 | D:1      | Gained mutation: When hurt, damage is shared between your health and your magic reserves. [demonic ancestry]
   285 | D:1      | Reached XP level 2. HP: 19/19 MP: 3/5
   419 | D:1      | Learned a level 2 spell: Throw Flame
   742 | D:2      | Found an opulent altar of Gozag.
  1076 | D:2      | Reached XP level 3. HP: 24/24 MP: 1/6
  1840 | D:1      | Learned a level 3 spell: Conjure Flame
  1959 | D:1      | Reached XP level 4. HP: 30/30 MP: 6/8
  2975 | D:3      | Found a blossoming altar of Fedhas.
  3090 | D:2      | Gained mutation: You have a pair of small antennae on your head. [demonic ancestry]
  3090 | D:2      | Reached XP level 5. HP: 27/35 MP: 7/10
  3336 | D:3      | Learned a level 4 spell: Sticky Flame
  3576 | D:3      | Noticed Ijyb
  3639 | D:3      | Killed Ijyb
  3815 | D:3      | Found a hide-covered altar of Uskayaw.
  4078 | D:4      | Noticed Blork the orc
  4078 | D:4      | Noticed Eustachio
  4312 | D:4      | Found Awnutyesch's Antique Weapon Shoppe.
  4476 | D:4      | Found Bomez's Antique Armour Shoppe.
  4487 | D:4      | Gained mutation: You are partially covered in large bone plates. (AC +2, SH +2) [demonic ancestry]
  4487 | D:4      | Reached XP level 6. HP: 36/42 MP: 2/11
  4585 | D:4      | Bought a runed cloak for 99 gold pieces
  4700 | D:4      | Found Apeptodgh's Weapon Shoppe.
  4789 | D:4      | Found Ifijiulu's Magic Scroll Boutique.
  4796 | D:4      | Reached skill level 1 in Fighting
  4885 | D:4      | Found Guthry Gyuri's Jewellery Shoppe.
  5074 | D:4      | Noticed Grinder
  5086 | D:4      | Killed Grinder
  5086 | D:4      | Reached skill level 1 in Short Blades
  5086 | D:4      | Reached XP level 7. HP: 6/48 MP: 0/13
  5501 | D:5      | Entered Level 5 of the Dungeon
  5742 | D:5      | Found a stormy altar of Qazlal.
  6163 | D:5      | Found Hexitwau's Magic Scroll Emporium.
  6765 | D:5      | Found an iron altar of Okawaru.
  7240 | D:6      | Found a runed door.
  7373 | D:4      | Bought a scroll of remove curse for 36 gold pieces
  7438 | D:6      | Noticed Sigmund
  7479 | D:6      | Found a runed door.
  7515 | D:6      | Noticed crawlian's ghost (novice DEFE)
  7622 | D:6      | Gained mutation: You are mostly covered in large bone plates. (AC +3, SH +3) [demonic ancestry]
  7622 | D:6      | Reached XP level 8. HP: 51/56 MP: 15/15
  7758 | D:6      | Reached skill level 5 in Spellcasting
  8508 | D:7      | Noticed Joseph
  8589 | D:7      | Reached skill level 5 in Fire Magic
  8594 | D:7      | Reached skill level 5 in Conjurations
  8733 | D:7      | Found a hazy altar of Hepliaklqana.
  8802 | D:7      | Found a staircase to the Ecumenical Temple.
  8810 | Temple   | Entered the Ecumenical Temple
  8850 | Temple   | Became a worshipper of Sif Muna the Loreminder
  8976 | D:7      | Found a white marble altar of Elyvilon.
  9028 | D:7      | Killed Joseph
  9028 | D:7      | Gained mutation: You are partially covered in sharp spines. [demonic ancestry]
  9028 | D:7      | Reached XP level 9. HP: 49/61 MP: 18/18
  9167 | D:7      | Found a burning altar of Makhleb.
  9650 | D:6      | Reached * piety under Sif Muna
  9787 | D:6      | Killed Sigmund
  9787 | D:6      | Reached skill level 5 in Dodging
  9936 | D:6      | Got a transparent leather armour
 10113 | D:4      | Killed Eustachio
 10165 | D:4      | Killed Blork the orc
 10783 | D:8      | Got a wizard robe
 10794 | D:8      | Identified the cursed +1 robe of Ojaosmoo {+Inv MP+9} (You found it on level 8 of the Dungeon)
 11098 | D:8      | Noticed George's ghost (novice MiFi)
 11178 | D:7      | Reached ** piety under Sif Muna
 11280 | D:8      | Learned a level 5 spell: Fireball
 11338 | D:8      | You fall through a shaft for 3 floors!
 11383 | D:11     | Gained mutation: You have a pair of antennae on your head. [demonic ancestry]
 11383 | D:11     | Reached XP level 10. HP: 63/68 MP: 21/21
 11415 | D:11     | Found a frozen archway.
 11424 | IceCv    | Entered an ice cave
 11741 | IceCv    | Reached *** piety under Sif Muna
 11794 | IceCv    | Noticed an ice statue
 11794 | IceCv    | Noticed an ice statue
 11863 | IceCv    | Killed an ice statue
 11916 | IceCv    | Killed an ice statue
 12053 | IceCv    | Reached skill level 1 in Shields
 12117 | IceCv    | Noticed an ice dragon
 12118 | IceCv    | Noticed an ice dragon
 12270 | IceCv    | Killed an ice dragon
 12400 | IceCv    | Killed an ice dragon
 12400 | IceCv    | Gained mutation: You regenerate magic rapidly. [demonic ancestry]
 12400 | IceCv    | Reached XP level 11. HP: 41/73 MP: 0/23
 12662 | D:11     | Reached **** piety under Sif Muna
 12704 | D:10     | Entered Level 10 of the Dungeon
 12978 | D:9      | Found a bloodstained altar of Trog.
 12994 | D:9      | Found a shadowy altar of Dithmenos.
 13003 | D:9      | Found a sacrificial altar of Ru.
 13066 | D:8      | Killed George's ghost
 13224 | D:4      | Bought a scroll of remove curse for 36 gold pieces
 13360 | D:7      | Identified the +3 leather armour of Lesser Demons {rF+ rC+++ MR- Stlth+} (You found it on level 6 of the Dungeon)
 13666 | D:8      | Noticed Maurice
 13677 | D:8      | Killed Maurice
 14100 | D:9      | Found Sam Buus's Antique Armour Emporium.
 14344 | D:9      | Learned a level 2 spell: Corpse Rot
 14381 | D:9      | Found a basalt altar of Yredelemnul.
 14896 | D:10     | Noticed eragonby's ghost (novice MiFi)
 14917 | D:9      | Reached ***** piety under Sif Muna
 14936 | D:10     | Got a translucent lapis lazuli ring
 14937 | D:10     | Identified the ring of the Hundredfold Ships {rF++ Stlth-} (You found it on level 10 of the Dungeon)
 15058 | D:10     | Identified Sif Muna's Catalogue of Battle Magic (Sif Muna gifted it to you on level 10 of the Dungeon)
 15058 | D:10     | Received a gift from Sif Muna
 15079 | D:10     | Learned a level 5 spell: Bolt of Draining
 15085 | D:10     | Found a staircase to the Orcish Mines.
 15203 | D:10     | Found a portal to a secret trove of treasure.
 15302 | D:10     | Found a staircase to the Lair.
 15733 | D:10     | Killed eragonby's ghost
 15733 | D:10     | Reached skill level 1 in Necromancy
 16030 | Lair:1   | Entered Level 1 of the Lair of Beasts
 16438 | Lair:1   | Gained mutation: You have sharp toenails. [potion of mutation]
 16438 | Lair:1   | Gained mutation: You possess an exceptional clarity of mind. [potion of mutation]
 16438 | Lair:1   | Gained mutation: Your spells are a little harder to cast, but a little more powerful. [potion of mutation]
 16439 | Lair:1   | Gained mutation: You are covered in fur. (AC +1) [potion of beneficial mutation]
 16996 | Lair:1   | Reached skill level 10 in Conjurations
 17132 | Lair:2   | Found a hole to the Spider Nest.
 17132 | Lair:2   | Noticed an orb spider
 17186 | Lair:2   | Found a white marble altar of Elyvilon.
 17199 | Lair:2   | Reached XP level 12. HP: 81/81 MP: 25/25
 17308 | Lair:2   | Found a dark tunnel.
 17335 | Lair:2   | Identified Sif Muna's Reference Book on the Harmful Glacier (Sif Muna gifted it to you on level 2 of the Lair of Beasts)
 17335 | Lair:2   | Received a gift from Sif Muna
 17341 | Lair:2   | Learned a level 4 spell: Iskenderun's Mystic Blast
 17380 | Volcano  | Entered a volcano
 17822 | Lair:2   | Reached skill level 10 in Spellcasting
 18391 | Lair:2   | Reached skill level 5 in Necromancy
 18584 | Lair:2   | Upgraded the game from 0.19-a0-1225-gf887c1c to 0.19-a0-1238-gee6bd96
 18732 | Lair:3   | Noticed a seven-headed hydra
 18749 | Lair:3   | Killed a seven-headed hydra
 18994 | Lair:3   | Noticed Nergalle
 19290 | Lair:4   | Received a gift from Sif Muna
 19388 | Lair:4   | Identified a scroll of acquirement
 19443 | Lair:4   | Found a staircase to the Shoals.
 20471 | Lair:5   | Noticed a five-headed hydra
 20494 | Lair:5   | Killed a five-headed hydra
 20494 | Lair:5   | Gained mutation: You have a pair of large antennae on your head. (SInv) [demonic ancestry]
 20494 | Lair:5   | Reached XP level 13. HP: 86/86 MP: 27/27
 20911 | Lair:5   | Reached skill level 10 in Fire Magic
 21064 | Lair:5   | Found a staircase to the Slime Pits.
 21524 | D:4      | Bought a bone rapier for 189 gold pieces
 21524 | D:4      | Identified the +5 rapier of the Poles {pierce, rN+ Dex+2} (You bought it in a shop on level 4 of the Dungeon)
 21564 | D:6      | Killed crawlian's ghost
 22108 | Lair:6   | Entered Level 6 of the Lair of Beasts
 22323 | Lair:6   | Identified Sif Muna's Tome of Creative Earth (Sif Muna gifted it to you on level 6 of the Lair of Beasts)
 22323 | Lair:6   | Received a gift from Sif Muna
 23910 | Lair:6   | Gained mutation: You are mostly covered in sharp spines. [demonic ancestry]
 23910 | Lair:6   | Reached XP level 14. HP: 91/93 MP: 25/29
 24082 | Lair:6   | Identified Osigopil's Handbook of Attacks (Sif Muna gifted it to you on level 6 of the Lair of Beasts)
 24082 | Lair:6   | Received a gift from Sif Muna
 24121 | Lair:6   | Learned a level 7 spell: Delayed Fireball
 24156 | Lair:6   | Got a slimy falchion
 24157 | Lair:6   | Identified the +11 falchion "Beetle's Death" {slice, Stlth+} (You found it on level 6 of the Lair of Beasts)
 24559 | Orc:1    | Entered Level 1 of the Orcish Mines
 24602 | Orc:1    | Noticed an orc warlord
 24743 | D:10     | Killed an orc warlord
 25427 | Orc:2    | Entered Level 2 of the Orcish Mines
 25429 | Orc:2    | Found a staircase to the Elven Halls.
 26134 | Orc:2    | Found Fusiel's Magic Scroll Emporium.
 26140 | Orc:2    | Found Erytrean's Book Shoppe.
 26150 | Orc:2    | Bought a book of Necromancy for 390 gold pieces
 26152 | Orc:2    | Learned a level 1 spell: Animate Skeleton
 26157 | Orc:2    | Learned a level 4 spell: Animate Dead
 26161 | Orc:2    | Learned a level 3 spell: Vampiric Draining
 26195 | Orc:2    | Found a radiant altar of Vehumet.
 26196 | Orc:2    | Paralysed by an orc sorcerer for 3 turns
 26412 | Orc:2    | Found Neoxzov's Book Emporium.
 26434 | Orc:2    | Identified Rirghaur's Incunabulum of Hexes and Weightlessness (Sif Muna gifted it to you on level 2 of the Orcish Mines)
 26434 | Orc:2    | Received a gift from Sif Muna
 26451 | Orc:2    | Reached ****** piety under Sif Muna
 26514 | Orc:2    | Found an ancient bone altar of Kikubaaqudgha.
 26542 | Orc:2    | Found a roughly hewn altar of Beogh.
 26552 | Orc:2    | Found Pumyji's Antique Armour Shoppe.
 27136 | Orc:1    | Upgraded the game from 0.19-a0-1238-gee6bd96 to 0.19-a0-1254-gb9c29c0
 27136 | Orc:1    | Upgraded the game from 0.19-a0-1254-gb9c29c0 to 0.19-a0-1268-g6c5d9f8
 27234 | Spider:1 | Entered Level 1 of the Spider Nest
 27755 | Spider:1 | Identified the cursed +0 leather armour of Intercession {rF+} (You found it on level 1 of the Spider Nest)
 27999 | Spider:1 | Upgraded the game from 0.19-a0-1268-g6c5d9f8 to 0.19-a0-1442-g3b32ff5
 27999 | Spider:1 | Quit the game

Vault maps used:
D:1:      minmay_arrival_arboretum_small
D:2:      grunt_gozag_statues, grunt_ministairs_8
D:3:      overflow_temple_1_default, eat_drink_and_be_merry_uskayaw,
          first_bread, minmay_misc_feat_nine_boxes,
          minmay_misc_feat_four_crosses, uniq_iyjb
D:4:      serial_shops, shop_statue, kennysheep_mini, nicolae_shop_statue_plus,
          shop, shop_statue, uniq_blork_the_orc, uniq_eustachio, uniq_grinder
D:5:      kennysheep_mini_moat, kennysheep_little_box, serial_shops, shop,
          grunt_ministairs_3
D:6:      lemuel_insect_pit, hangedman_decor_clover_reticule, uniq_sigmund
D:7:      lemuel_coloured_pillars_altar, makhleb_blood_cavern_becter,
          lemuel_doored_altar, uniq_joseph
D:8:      uniq_maurice
D:9:      yredelemnul_altar_generic, trog_ov_bears_minmay,
          grunt_temple_overflow_open, serial_shops, shop_coins,
          kennysheep_generic_room_3
D:10:     erik_lair_island, david_orc_3, enter_trove_6
D:11:     serial_shops, shop, portal_ice_cave_entry_pillars_2,
          hangedman_little_slice_of_home
Temple:   jpeg_temple_island
Lair:1:   grunt_megastairs_1
Lair:2:   beast_lair_carwin_large_4, nicolae_spider_entry_orb_guardian,
          basic_altar, nicolae_volcano_entry_vermiform, st_stairs_8
Lair:3:   infiniplex_staircase_pool, lemuel_fruit_tree, uniq_nergalle
Lair:4:   minmay_shoals_entry_centaurs
Lair:5:   minmay_slime_entry_pillars, st_stairs_6
Lair:6:   grunt_lair_end_beastmaster
Orc:1:    cheibrodos_orc_bank, mines4_lemuel
Orc:2:    kennysheep_orc_mage_school
IceCv:    ice_cave_small_dragons
Volcano:  volcano_overflow

Skill      XL: |  1  2  3  4  5  6  7  8  9 10 11 12 13 14 |
---------------+-------------------------------------------+-----
Fire Magic     | 3 4 5 6 8 9 10 11 | 11.5
Dodging        | 2 3 4 5 6 7 8 |  8.4
Spellcasting   | 3 4 6 7 8 9 10 11 12 | 12.5
Conjurations   | 2 3 4 5 6 8 10 11 12 | 12.7
Stealth        | 2 3 4 |  4.7
Fighting       | 1 2 3 4 |  4.0
Short Blades   | 1 2 3 |  3.1
Shields        | 1 2 3 |  3.7
Necromancy     | 3 6 7 8 |  8.2
Long Blades    | |  0.1
Invocations    | |  0.3

Action                   |  1- 3 |  4- 6 |  7- 9 | 10-12 | 13-15 || total
-------------------------+-------+-------+-------+-------+-------++-------
Melee: Dagger            |    14 |   134 |   204 |    92 |       ||   444
       Short sword       |       |       |    23 |   238 |   225 ||   486
       Kick              |       |       |       |    35 |       ||    35
       Falchion          |       |       |       |       |   107 ||   107
 Cast: Flame Tongue      |    56 |    51 |   125 |   370 |   294 ||   896
       Throw Flame       |    10 |    35 |    59 |   169 |   126 ||   399
       Sticky Flame      |       |     1 |     4 |    69 |    57 ||   131
       Conjure Flame     |       |       |    10 |     7 |    15 ||    32
       Fireball          |       |       |       |    12 |    50 ||    62
       Iskenderun's Myst |       |       |       |    12 |       ||    12
       Bolt of Draining  |       |       |       |     5 |     9 ||    14
       Animate Dead      |       |       |       |       |    12 ||    12
       Animate Skeleton  |       |       |       |       |     4 ||     4
       Delayed Fireball  |       |       |       |       |     3 ||     3
Invok: Divine Energy     |       |       |     1 |       |       ||     1
       Channel Magic     |       |       |       |     1 |       ||     1
 Abil: Release Delayed F |       |       |       |       |     2 ||     2
  Use: Scroll            |     4 |     6 |    13 |    13 |     4 ||    40
       Potion            |       |       |     1 |     6 |     1 ||     8
 Stab: Sleeping          |     1 |     2 |     3 |     8 |     4 ||    18
       Petrified         |       |       |       |       |     2 ||     2
  Eat: Chunk             |     4 |    11 |    20 |    35 |    36 ||   106
       Pizza             |       |       |     1 |       |       ||     1
       Fruit             |       |       |       |     3 |       ||     3
       Beef jerky        |       |       |       |     1 |     1 ||     2
Armor: Robe              |    14 |    35 |    50 |   138 |    74 ||   311
       Skin              |       |       |       |       |     4 ||     4
Dodge: Dodged            |    35 |   102 |   106 |   287 |   219 ||   749
Block: Other             |       |       |    10 |       |       ||    10
       Buckler           |       |       |    19 |   152 |   141 ||   312
       Large shield      |       |       |       |    12 |       ||    12
